 Dungeon Crawl Stone Soup version 0.17-a0-1805-g6093636 (webtiles) character file.

20 4thArraOfDagon the Firebug (level 2, -1/15 HPs)
             Began as a Tengu Fire Elementalist on Sept 12, 2015.
             Slain by a worker ant (3 damage)
             ... on level 4 of the Dungeon.
             The game lasted 00:01:15 (183 turns).

4thArraOfDagon the Firebug (Tengu Fire Elementalist) Turns: 183, Time: 00:01:15

Health: -1/15      AC:  2    Str:  8    XL:     2   Next: 79%
Magic:  2/6        EV: 12    Int: 15    God:
Gold:   25         SH:  0    Dex: 14    Spells: 1 memorised, 4 levels left

rFire  . . .     SeeInvis .     e - +0 hand axe
rCold  . . .     Clarity  .     a - +0 robe
rNeg   . . .     SustAt   .     (no shield)
rPois  .         Gourm    .     (helmet restricted)
rElec  .         Spirit   .     (no cloak)
rCorr  .         Warding  .     (no gloves)
rMut   .         Stasis   .     (boots unavailable)
MR     .....                    (no amulet)
Stlth  ++........               (no ring)
                                (no ring)

@: not resistant to hostile enchantments, unstealthy
A: beak, talons 3
a: no special abilities


You were on level 4 of the Dungeon.
You were not hungry.

You visited 1 branch of the dungeon, and saw 4 of its levels.

You collected 25 gold pieces.

Inventory:

Hand weapons
 e - a +0 hand axe (weapon)
Armour
 a - a +0 robe (worn)
Magical devices
 g - a wand of random effects (10)
Scrolls
 d - a scroll of recharging {unknown}
Potions
 f - 3 potions of curing {unknown}
Books
 b - a book of Flames

   Spells                             Type                      Level
   a - Flame Tongue                   Conjuration/Fire             1
   b - Throw Flame                    Conjuration/Fire             2
   c - Conjure Flame                  Conjuration/Fire             3
   d - Inner Flame                    Hexes/Fire                   3
   e - Sticky Flame                   Conjuration/Fire             4
   f - Fireball                       Conjuration/Fire             5
Comestibles
 c - a bread ration


   Skills:
 - Level 2.1 Dodging
 - Level 2.0 Stealth
 * Level 2.3 Spellcasting
 + Level 2.5 Conjurations
 + Level 3.5 Fire Magic


You had 4 spell levels left.
You knew the following spells:

 Your Spells              Type           Power        Failure   Level  Hunger
a - Flame Tongue          Conj/Fire      ##...        8%          1    #......


Dungeon Overview and Level Annotations

Branches:
Dungeon (4/15)
 Temple: D:4-7

Altars:


Innate Abilities, Weirdness & Mutations

You have a beak for a mouth.
You have claws for feet.


Message History

Evoking this partially-identified wand wasted a few charges.
Unknown command.
Evoke which item? (* to show all) (? for menu, Esc to quit)
Zapping:
g - a wand of random effects {zapped: 11} (will waste charges)
Press: ? - help, Shift-Dir - straight line, f - worker ant
Aim: a worker ant (heavily wounded)
The puff of frost misses the worker ant.
The puff of frost misses the orc.
Evoking this partially-identified wand wasted a few charges.
The worker ant closely misses you. x2
Unknown command.
Evoke which item? (* to show all) (? for menu, Esc to quit)
Zapping:
g - a wand of random effects {zapped: 14} (will waste charges)
Press: ? - help, Shift-Dir - straight line, f/p - worker ant
Aim: a worker ant (heavily wounded)
The worker ant flickers and vanishes!
Deactivating autopickup; reactivate with Ctrl-A.
Evoking this partially-identified wand wasted a few charges.
Something bites you.
You die...

....Z....#..## #.#
..... ..##.#.......#
#.##.....
....o#..<....###...#
..............##.%.#
..####.##....%##...#
...o...#......##...#
...###.....##.##oo%#
.... ......# ##{###
##.........# #@#
#.........# #+#
#...........
#........#..
........##..


You could see 2 orcs.

Vanquished Creatures
  An adder (D:4)
  A giant gecko (D:3)
  2 orcs (D:4)
  2 bats
  A giant cockroach (D:1)
  A giant newt (D:2)
  A rat (D:2)
9 creatures vanquished.

Notes
Turn   | Place    | Note
--------------------------------------------------------------
     0 | D:1      | 4thArraOfDagon the Tengu Fire Elementalist began the quest for the Orb.
     0 | D:1      | Reached XP level 1. HP: 10/10 MP: 4/4
   136 | D:3      | Reached XP level 2. HP: 15/15 MP: 6/6
   183 | D:4      | Slain by a worker ant

Vault maps used:
D:1:      lemuel_arrival_river_ford
D:2:      kennysheep_generic_room_3
D:3:      serial_corexii_hall, corexii_hall_statues_l, corexii_hall_statues_x,
          first_bread, minivault_14, uniq_jessica
D:4:      grunt_temple_overflow_champion_of_chaos,
          grunt_dithmenos_smoke_and_mirrors, serial_bayou, serial_bayou_ford_a,
          serial_bayou_lagoon_a, serial_bayou_lake_a, serial_bayou_pond_d,
          minmay_fountain_box

Action                   || total
-------------------------++-------
Melee: Hand axe          ||     4
 Cast: Flame Tongue      ||     8
Evoke: Wand              ||     7
